 Dungeon Crawl Stone Soup version 0.28-a0-21-gf74fda84f9 (webtiles) character file.

Game seed: 3518026310986140363

34272 Sobieck the Thaumaturge (level 13, 0/76 HPs)
             Began as a Deep Elf Conjurer on July 26, 2021.
             Was an Elder of Vehumet.
             Slain by a seven-headed hydra (7 damage)
             ... while petrified by a catoblepas
             ... on level 4 of the Lair of Beasts.
             The game lasted 01:26:00 (21113 turns).

Sobieck the Thaumaturge (Deep Elf Conjurer)        Turns: 21113, Time: 01:26:01

Health: 0/76       AC:  9    Str:  4    XL:     13   Next: 41%
Magic:  38/38      EV:  2    Int: 29    God:    Vehumet [****..]
Gold:   985        SH:  0    Dex: 13    Spells: 17/33 levels left

rFire   . . .      SeeInvis +   o - staff of conjuration {!a@e2staff}
rCold   . . .      Faith    .   (no shield)
rNeg    + + +      Spirit   .   b - +0 troll leather armour
rPois   ∞          Reflect  .   v - +1 helmet {SInv}
rElec   .          Harm     .   s - scarf {shadows}
rCorr   .          Rampage  .   (no gloves)
Will    +....                   h - +2 pair of boots
Stlth   ++++......              d - amulet of magic regeneration {@e2}
HPRegen 1.22/turn               e - ring of wizardry
MPRegen 0.51/turn               m - ring of magical power

@: petrified
A: no striking features
a: Renounce Religion


You were on level 4 of the Lair of Beasts.
You worshipped Vehumet.
Vehumet was greatly pleased with you.
You visited 3 branches of the dungeon, and saw 19 of its levels.

You collected 985 gold pieces.


   Skills:
 + Level 7.5 Fighting
 + Level 10.6 Dodging
 - Level 10.0 Stealth
 + Level 10.7 Spellcasting
 + Level 10.5 Conjurations
 - Level 10.0 Hexes
 - Level 3.0 Translocations
 - Level 6.0 Ice Magic
 - Level 6.0 Air Magic
 - Level 9.0 Evocations


You had 17 spell levels left.
You knew the following spells:

 Your Spells              Type           Power      Damage    Failure   Level
a - Magic Dart            Conj           100%       1d8       1%          1
b - Searing Ray           Conj           100%       3d7       1%          2
c - Fulminant Prism       Conj/Hex       42%        3d20      1%          4
d - Iskenderun's Mystic   Conj/Tloc      70%        2d14      1%          4
e - Freezing Cloud        Conj/Ice/Air   36%        6-21      1%          5

Your spell library contained the following spells:

 Spells                   Type           Power      Damage    Failure   Level
 Apportation              Tloc           64%        N/A       1%          1
 Corona                   Hex            72%        N/A       1%          1
 Ensorcelled Hibernation  Hex/Ice        100%       N/A       1%          2
 Dazzling Flash           Conj/Hex       100%       N/A       1%          3
 Ozocubu's Armour         Ice            50%        N/A       1%          3
 Animate Skeleton         Necr           30%        N/A       2%          1
 Summon Small Mammal      Summ           60%        N/A       2%          1
 Gell's Gravitas          Tloc           16%        N/A       2%          3
 Lesser Beckoning         Tloc           16%        N/A       2%          3
 Teleport Other           Tloc           32%        N/A       2%          3
 Spider Form              Tmut/Pois      7%         N/A       8%          3
 Ozocubu's Refrigeration  Ice            25%        4d10      38%         7

Inventory:

Hand Weapons
 c - a +3 spear {polearm}
   (You took it off a wight on level 8 of the Dungeon)
 g - a +1 mace of draining {mace}
   (You took it off a wight on level 8 of the Dungeon)
Armour
 b - a +0 troll leather armour (worn)
   (You found it on level 11 of the Dungeon)
 h - a +2 pair of boots (worn)
   (You found it on level 9 of the Dungeon)
 i - a +0 cloak
   (You took it off Maurice on level 9 of the Dungeon)
 s - a scarf of shadows (worn)
   (You found it on level 11 of the Dungeon)
 v - a +1 helmet of see invisible (worn)
   (You took it off Robin on level 2 of the Dungeon)
 K - the +0 helmet of Cynicism {Rampage Will++ Str-4 Dex+3}
   (You found it on level 5 of the Dungeon)

   Str:       It affects your strength (-4).
   Dex:       It affects your dexterity (+3).
   Rampage:   It bestows one free step when moving towards enemies.
   Will:      It greatly increases your willpower.
 U - +0 steam dragon scales
   (You found it on level 7 of the Dungeon)
Magical Staves
 o - a staff of conjuration (weapon) {!a@e2staff}
   (You acquired it on level 5 of the Dungeon)
Jewellery
 d - an amulet of magic regeneration (around neck) {@e2}
   (You found it on level 1 of the Dungeon)
 e - a ring of wizardry (left hand)
   (You found it on level 1 of the Dungeon)
 l - a ring of flight
   (You found it on level 3 of the Dungeon)
 m - a ring of magical power (right hand)
   (You found it on level 3 of the Dungeon)
 D - a ring of poison resistance
   (You found it on level 3 of the Dungeon)
Wands
 a - a wand of flame (32)
   (You found it on level 11 of the Dungeon)
 k - a wand of digging (2)
   (You took it off Maurice on level 9 of the Dungeon)
 q - a wand of polymorph (10)
   (You found it on level 2 of the Dungeon)
 G - a wand of paralysis (10)
   (You found it on level 4 of the Dungeon)
 P - a wand of mindburst (40)
   (You took it off Ijyb on level 5 of the Dungeon)
 V - a wand of iceblast (18)
   (You took it off an orc on level 8 of the Dungeon)
Scrolls
 f - 3 scrolls of immolation {!r!r}
 p - a scroll of enchant armour
 t - a scroll of fear
 u - 2 scrolls of magic mapping {!r}
 x - 2 scrolls of holy word
 y - 3 scrolls of blinking {!r}
 B - a scroll of enchant weapon {unknown}
 H - 2 scrolls of vulnerability {!r!r}
 N - 3 scrolls of teleportation {@r4}
 Z - 3 scrolls of fog
Potions
 j - 2 potions of heal wounds {@q2}
 n - 10 potions of curing {@q1}
 r - 3 potions of lignification {!q}
 w - 3 potions of mutation {!q}
 z - 4 potions of haste {@q3}
 A - 2 potions of resistance
 F - 2 potions of cancellation
 L - a potion of berserk rage {unknown}
 R - 2 potions of might
 S - a potion of ambrosia {unknown}
 X - a potion of brilliance
 Y - a potion of attraction {unknown}
Miscellaneous
 C - a tin of tremorstones (2/2) {throwing}
   (You found it on level 4 of the Lair of Beasts)

Dungeon Overview and Level Annotations

Branches:
Dungeon (13/15)            Temple (1/1) D:6            Lair (5/6) D:11
 Shoals (0/4) Lair:4       Spider (0/4) Lair:2          Orc (0/2) D:12
  Slime: Lair:5-6    Vaults: D:13-14

Altars:
Ashenzari
Cheibriados
Dithmenos
Elyvilon
Fedhas
Gozag
Makhleb
Okawaru
Qazlal
Ru
Sif Muna
Trog
Uskayaw
Vehumet
Wu Jian
Yredelemnul
Beogh

Shops:
D:1 (   D:3 (

Annotations:
D:3 3 runed doors, digg stuff out, exclusion: downstairs, pukegreen's ghost, amateur GnAM
D:5 2 runed translucent doors, reversiblehash's ghost, novice DsFi
D:9 exclusion: downstairs

#.#.###..P#.........>.##....... #
#....................##........
###...................##...8.....
#.....................#..........
[...(...............##........##.
#..............#.##.#..8....#####
#..(............8.##............#
.............#.....#............+
..............8.@....8.>.8..8....
..).(..........D.................
.[...........##.8.#.............#
.#.#.##.......#.##.##..8..#..####
.###..#.............##......#.#..
.##..................##........#.
...................)..#....8...+.
........##.............##......#.
........##..............#......'.


You could see a seven-headed hydra.


Message History

You lost 3 mp, and now have 10/38 mp.
Your fulminant prism crackles loudly.
The blast of energy engulfs your fulminant prism!!!
Casting: Fulminant Prism (safe; 1% risk of failure)
Confirm with . or Enter, or press ? or * to list all spells.
You feel a surge of power!
You erupt in a blast of force!
The mystic blast hits Urug!!
Urug is knocked back by the mystic blast.
Urug screams, "Bird-brain!" 😎 MP[-3]
You lost 3 mp, and now have 7/38 mp.
Casting: Iskenderun's Mystic Blast (mildly dangerous; 1% risk of failure)
Confirm with . or Enter, or press ? or * to list all spells.
Aiming: Freezing Cloud (dangerous; 1% risk of failure)
Press: ? - help, Dir - move target, f - Urug
Aim: Urug, wielding a +2 eveningstar, wearing a +0 ring mail and quivering silver javelins (severely wounded)
You feel a surge of power!
Urug is engulfed in freezing vapours. 😎 MP[-5]
You lost 5 mp, and now have 2/38 mp.
Casting: Freezing Cloud (dangerous; 1% risk of failure)
Confirm with . or Enter, or press ? or * to list all spells.
Okay, then.
A komodo dragon comes into view.
Urug is engulfed in freezing vapours.
You kill Urug!
Vehumet accepts your kill.
You feel your power returning.
The komodo dragon moves out of view. 😎 MP[+5]
You regained 5 mp, and now have 7/38 mp.
Unknown command.
A cane toad comes into view.
There is a stone staircase leading up here.
Unknown command.
You climb upwards.
There is a stone staircase leading down here. 😎 MP[+1] Unknown command.
You start resting. 😎 MP[+30]
Your mp is fully restored (38).
You climb downwards.
A hydra and 3 yaks come into view.
The yak bellows!
You hear an angry hiss.
The cane toad stings you!
A catoblepas comes into view.
The catoblepas breathes a plume of calcifying dust at you.
The blast of calcifying dust hits you.
The catoblepas moves out of view.
There is a stone staircase leading up here. 😕 HP[-11]
You take 11 damage, and now have 65/76 hp.
Casting: Freezing Cloud (dangerous; 1% risk of failure)
Confirm with . or Enter, or press ? or * to list all spells.
Okay, then.
You are engulfed in calcifying dust.
You are slowing down.
The seven-headed hydra bites you! The seven-headed hydra bites you. x2
The seven-headed hydra barely misses you.
The seven-headed hydra closely misses you.
The seven-headed hydra bites you.
The seven-headed hydra bites you but does no damage.
You climb upwards.
You have turned to stone.
The seven-headed hydra bites you! The seven-headed hydra bites you. x2
The seven-headed hydra bites you but does no damage.
The seven-headed hydra bites you! The seven-headed hydra bites you.
* * * LOW HITPOINT WARNING * * *
The seven-headed hydra bites you.
* * * LOW HITPOINT WARNING * * *
The seven-headed hydra bites you but does no damage. x2
The seven-headed hydra bites you!
* * * LOW HITPOINT WARNING * * *
The seven-headed hydra bites you.
* * * LOW HITPOINT WARNING * * *
The seven-headed hydra completely misses you.
The seven-headed hydra bites you but does no damage. x2
The seven-headed hydra bites you.
* * * LOW HITPOINT WARNING * * *
The seven-headed hydra bites you but does no damage. x2
The seven-headed hydra bites you.
* * * LOW HITPOINT WARNING * * *
The seven-headed hydra bites you but does no damage.
The seven-headed hydra bites you!
* * * LOW HITPOINT WARNING * * *
The seven-headed hydra barely misses you.
The seven-headed hydra bites you but does no damage.
The seven-headed hydra bites you!
* * * LOW HITPOINT WARNING * * *
The seven-headed hydra bites you.
The seven-headed hydra bites you but does no damage.
The seven-headed hydra bites you!
* * * LOW HITPOINT WARNING * * *
The seven-headed hydra bites you!
* * * LOW HITPOINT WARNING * * *
The seven-headed hydra bites you but does no damage.
The seven-headed hydra bites you!
* * * LOW HITPOINT WARNING * * *
The seven-headed hydra bites you but does no damage.
The seven-headed hydra completely misses you.
The seven-headed hydra bites you!
You die...

Skill      XL: |  1  2  3  4  5  6  7  8  9 10 11 12 13 |
---------------+----------------------------------------+-----
Spellcasting   | 4 5 6 8 9 10 | 10.7
Conjurations   | 5 6 7 8 10 | 10.5
Hexes          | 3 4 6 8 10 | 10.0
Translocations | 3 |  3.0
Evocations     | 2 5 7 9 |  9.0
Stealth        | 4 7 10 | 10.0
Dodging        | 4 6 8 10 | 10.6
Fighting       | 1 4 5 7 |  7.5
Ice Magic      | 5 6 |  6.0
Air Magic      | 5 6 |  6.0

Action                   |  1- 3 |  4- 6 |  7- 9 | 10-12 | 13-15 || total
-------------------------+-------+-------+-------+-------+-------++-------
Melee: Short sword       |       |     1 |       |       |       ||     1
       Scythe            |       |       |     2 |       |       ||     2
       Staff             |       |       |       |     1 |       ||     1
 Cast: Magic Dart        |    70 |    42 |    54 |     2 |       ||   168
       Searing Ray       |     7 |    10 |    30 |    22 |     1 ||    70
       Fulminant Prism   |       |       |    78 |   186 |    48 ||   312
       Iskenderun's Myst |       |       |     4 |    28 |     6 ||    38
       Freezing Cloud    |       |       |       |       |     2 ||     2
Evoke: Wand              |       |       |       |     2 |       ||     2
  Use: Scroll            |       |       |    12 |    13 |     1 ||    26
Armor: Robe              |     1 |     4 |     1 |       |       ||     6
       Steam dragon scal |       |       |     3 |     4 |       ||     7
       Troll leather arm |       |       |       |    19 |    14 ||    33
Dodge: Dodged            |     2 |    12 |    14 |    43 |    13 ||    84

Levels and vault maps discovered:
D:1:      mrwooster_arrival_statue_3, layout_basic, serial_shops,
          nicolae_lakefront_shop, hellmonk_ecumenical_altar_arch_garden,
          corexii_corridor_pit
D:2:      layout_basic, basic_altar, grunt_ministairs_11, uniq_robin
D:3:      layout_basic, biasface_ghost_orc_armoury, serial_glass,
          glass_columns_b, glass_columns_b, item_on_display_a,
          item_on_display_a, item_on_display_a, due_unseen_surprise,
          serial_shops, nicolae_shop_statue_plus, uniq_grinder
D:4:      minmay_chambers_of_threes, layout_basic, serial_co_window_serial,
          co_window_paths_b, co_window_of_opportunity_a, co_window_corner_a,
          co_window_paths_a, co_window_paths_a, co_window_paths_c,
          co_window_broadway_a, co_window_corner_cb, co_window_broadway_b,
          glass_columns_a, glass_columns_a, glass_columns_b, glass_columns_b,
          glass_columns_b, uniq_natasha, uniq_sigmund
D:5:      layout_cave_pods, ebering_ghost_disaster_area, enter_ossuary_1,
          uniq_ijyb
D:6:      layout_cave_pools, mainiacjoe_overflow_two_lobes,
          mainiacjoe_overflow_tiny_flanked, temple_fountains,
          serial_bayou_lake_a, uniq_duvessa
D:7:      layout_basic, kennysheep_generic_room_10, uniq_menkaure
D:8:      layout_rooms
D:9:      layout_cave_pools, mainiacjoe_overflow_paths, uniq_maurice
D:10:     layout_loops_ring, moated_statue
D:11:     layout_roguey, lair_entry_dummy
D:12:     layout_loops_corners, hiddenorc2_lemuel, elyvilon_altar_3
D:13:     layout_stronghold
Temple:   hc_temple_tempest_star
Lair:1:   layout_misc_corridors, basic_altar, infiniplex_staircase_pool_2,
          lemuel_fruit_tree, lemuel_fruit_fields
Lair:2:   layout_cave_pods, spider_nest_entry_a, basic_altar
Lair:3:   layout_regular_city
Lair:4:   layout_gridlike, elwin_shoals_entry_rooms,
          portal_ice_cave_entry_animals_and_master, grunt_megastairs_3
Lair:5:   layout_gridlike, minmay_slime_entry_oklob_enclosed, uniq_urug,
          uniq_kirke, uniq_rupert

Notes
Turn   | Place    | Note
-------+----------+-------------------------------------------
     0 | D:1      | Sobieck the Deep Elf Conjurer began the quest for the Orb.
     0 | D:1      | Reached XP level 1. HP: 10/10 MP: 6/6
     0 | D:1      | magus.rc [v1.9.6]
   203 | D:1      | Reached XP level 2. HP: 15/15 MP: 6/8
   206 | D:1      | Learned a level 2 spell: Searing Ray
   563 | D:1      | Reached skill level 4 in Spellcasting
   581 | D:1      | Reached skill level 5 in Conjurations
   581 | D:1      | Reached XP level 3. HP: 19/19 MP: 5/10
   610 | D:1      | Found a faded altar of an unknown god.
   684 | D:1      | Found Tuch's Weapon Boutique.
   975 | D:2      | Noticed Robin
  1115 | D:2      | Killed Robin
  1399 | D:2      | You pick up a book of Displacement and begin reading...
  1399 | D:2      | You add the spells Lesser Beckoning, Gell's Gravitas and
                  | Teleport Other to your library.
  1412 | D:2      | Found a shadowy altar of Dithmenos.
  1472 | D:2      | Reached XP level 4. HP: 24/24 MP: 10/12
  1477 | D:2      | Learned a level 4 spell: Fulminant Prism
  1725 | D:3      | Found Wuasse Acia's Weapon Shoppe.
  1921 | D:3      | Noticed Grinder
  1921 | D:3      | Paralysed by Grinder for 6 turns
  1931 | D:3      | HP: 5/24 [Grinder (3)]
  1931 | D:3      | HP: 2/24 [Grinder (3)]
  1933 | D:3      | Killed Grinder
  1934 | D:3      | Reached skill level 5 in Spellcasting
  1934 | D:3      | Reached skill level 6 in Conjurations
  1934 | D:3      | Reached skill level 3 in Hexes
  1934 | D:3      | Reached XP level 5. HP: 3/28 MP: 5/15
  1934 | D:3      | Reached XP level 6. HP: 4/32 MP: 5/16
  2440 | D:3      | Found a runed translucent gate.
  2440 | D:3      | Identified the +6 ring mail of Ciuwahuq {Will+ Slay+2}
  2472 | D:3      | Found a runed translucent gate.
  2473 | D:3      | Found a runed translucent gate.
  2474 | D:3      | Noticed pukegreen's ghost (amateur GnAM)
  2614 | D:4      | Noticed Natasha
  2768 | D:4      | Reached skill level 6 in Spellcasting
  2783 | D:4      | Learned a level 4 spell: Iskenderun's Mystic Blast
  3016 | D:5      | Entered Level 5 of the Dungeon
  3016 | D:5      | Noticed an ice beast
  3343 | D:4      | Killed Natasha
  3449 | D:5      | Identified the +0 helmet of Cynicism {Rampage Will++ Str-4
                  | Dex+3}
  3625 | D:4      | Noticed Natasha
  3630 | D:4      | Killed Natasha
  3631 | D:4      | Reached skill level 4 in Hexes
  3823 | D:4      | Noticed Sigmund
  3831 | D:4      | Killed Sigmund
  3832 | D:4      | Reached XP level 7. HP: 36/36 MP: 14/19
  3866 | D:4      | Noticed Natasha
  3870 | D:4      | Killed Natasha
  3894 | D:4      | Reached skill level 7 in Spellcasting
  3945 | D:5      | Reached skill level 7 in Conjurations
  3945 | D:5      | Reached skill level 5 in Hexes
  3981 | D:5      | Identified a scroll of acquirement
  3981 | D:5      | Acquired a staff of conjuration
  4252 | D:4      | HP: 6/36 [ogre (30)]
  4293 | D:4      | HP: 4/36 [gnoll (7)]
  4910 | D:5      | Reached skill level 6 in Hexes
  5029 | D:5      | Reached skill level 8 in Spellcasting
  5029 | D:5      | Reached XP level 8. HP: 41/41 MP: 18/22
  5040 | D:5      | Found a large runed translucent door.
  5040 | D:5      | Found a large runed translucent door.
  5040 | D:5      | Noticed reversiblehash's ghost (novice DsFi)
  5056 | D:5      | Noticed Ijyb
  5629 | D:5      | Killed Ijyb
  6150 | D:6      | Found a staircase to the Ecumenical Temple.
  6198 | Temple   | Entered the Ecumenical Temple
  6226 | Temple   | Became a worshipper of Vehumet
  6306 | D:6      | Reached skill level 8 in Conjurations
  6323 | D:6      | Reached skill level 7 in Hexes
  6581 | D:6      | Reached skill level 9 in Spellcasting
  7092 | D:6      | Reached skill level 8 in Hexes
  7462 | D:6      | You add the spells Ozocubu's Armour and Ozocubu's
                  | Refrigeration to your library.
  7651 | D:6      | Found an ornate altar of the Wu Jian Council.
  7722 | D:6      | Reached XP level 9. HP: 45/45 MP: 19/24
  8209 | D:6      | Noticed Dowan
  8211 | D:6      | Noticed Duvessa
  8212 | D:6      | Killed Dowan
  8215 | D:6      | Killed Duvessa
  8216 | D:6      | Reached skill level 9 in Conjurations
  8290 | D:6      | Reached * piety under Vehumet
  8290 | D:6      | Offered knowledge of Freeze by Vehumet.
  8321 | D:6      | Reached skill level 10 in Spellcasting
  8402 | D:6      | Found an iron altar of Okawaru.
  8445 | D:6      | Found a burning altar of Makhleb.
  8520 | D:7      | Noticed Menkaure
  8523 | D:7      | Killed Menkaure
  8524 | D:7      | Reached skill level 9 in Hexes
  9079 | D:7      | Reached skill level 1 in Translocations
  9534 | D:8      | Reached skill level 2 in Translocations
  9723 | D:8      | Reached skill level 10 in Conjurations
  9723 | D:8      | Reached skill level 3 in Translocations
  9780 | D:8      | Reached skill level 10 in Hexes
  9788 | D:8      | Offered knowledge of Shock by Vehumet.
  9799 | D:8      | Reached ** piety under Vehumet
  9815 | D:8      | Reached skill level 1 in Evocations
  9825 | D:8      | Reached skill level 3 in Stealth
 10037 | D:8      | Reached skill level 3 in Dodging
 10468 | D:3      | Reached skill level 1 in Fighting
 10782 | D:9      | Noticed a two-headed ogre
 10788 | D:9      | Killed a two-headed ogre
 10789 | D:9      | Reached skill level 4 in Dodging
 10789 | D:9      | Reached skill level 4 in Stealth
 10789 | D:9      | Reached skill level 2 in Evocations
 10789 | D:9      | Reached XP level 10. HP: 53/53 MP: 19/26
 10789 | D:9      | Noticed Maurice
 10795 | D:9      | Killed Maurice
 10796 | D:9      | Reached skill level 2 in Fighting
 10796 | D:9      | Reached skill level 3 in Evocations
 11267 | D:3      | You pick up a book of Cantrips and begin reading...
 11267 | D:3      | You add the spells Corona, Animate Skeleton, Summon Small
                  | Mammal and Apportation to your library.
 11512 | D:9      | Found a basalt altar of Yredelemnul.
 11590 | D:9      | Reached skill level 5 in Stealth
 11604 | D:9      | Reached skill level 5 in Dodging
 11892 | D:9      | magus.rc [v1.9.6]
 11907 | D:10     | Entered Level 10 of the Dungeon
 11907 | D:10     | Noticed a gargoyle
 12127 | D:10     | Reached skill level 3 in Fighting
 12127 | D:10     | Reached skill level 4 in Evocations
 12142 | D:10     | Reached skill level 6 in Stealth
 12488 | D:10     | Killed a gargoyle
 12609 | D:10     | Reached skill level 6 in Dodging
 12631 | D:10     | Reached skill level 5 in Evocations
 13241 | D:11     | Reached skill level 7 in Stealth
 13249 | D:11     | Reached skill level 4 in Fighting
 13249 | D:11     | Reached XP level 11. HP: 58/61 MP: 27/27
 13937 | D:11     | Found a staircase to the Lair.
 13977 | D:11     | Reached skill level 7 in Dodging
 14016 | D:11     | Identified the +1 ring mail of Qejyc {Rampage rElec rC-
                  | Regen+}
 14033 | D:11     | You fall into a shaft and drop 2 floors!
 14089 | D:12     | Noticed a boulder beetle
 14166 | D:12     | Noticed a white ugly thing
 14174 | D:12     | Killed a white ugly thing
 14175 | D:12     | Reached skill level 6 in Evocations
 14451 | D:12     | Noticed a deep elf pyromancer
 14466 | D:12     | Killed a deep elf pyromancer
 14486 | D:12     | Offered knowledge of Ignite Poison by Vehumet.
 14487 | D:12     | Reached skill level 8 in Stealth
 14589 | D:11     | HP: 4/62 [large slime creature (34)]
 14764 | D:11     | Reached skill level 5 in Fighting
 14800 | D:11     | Reached *** piety under Vehumet
 14801 | D:11     | Reached skill level 8 in Dodging
 14855 | D:11     | You add the spells Ensorcelled Hibernation and Spider Form
                  | to your library.
 14855 | D:11     | Got Qeasus's Collected Works on Poisonous Curses
 14963 | Lair:1   | Entered Level 1 of the Lair of Beasts
 14973 | Lair:1   | Reached skill level 9 in Stealth
 14973 | Lair:1   | Reached skill level 7 in Evocations
 15099 | Lair:1   | Found an iron altar of Okawaru.
 15617 | Lair:1   | Reached skill level 10 in Stealth
 15625 | Lair:1   | Reached XP level 12. HP: 69/69 MP: 28/28
 15711 | Lair:1   | Offered knowledge of Sticky Flame by Vehumet.
 16484 | Lair:2   | Reached skill level 9 in Dodging
 16649 | Lair:2   | Reached skill level 6 in Fighting
 16664 | Lair:2   | Found a hole to the Spider Nest.
 16669 | Lair:2   | Reached skill level 8 in Evocations
 17324 | Lair:2   | Reached **** piety under Vehumet
 17505 | Lair:2   | Noticed a catoblepas
 17565 | Lair:2   | Killed a catoblepas
 17576 | Lair:2   | Reached skill level 10 in Dodging
 17711 | Lair:2   | Found a broken altar of Ashenzari.
 17727 | Lair:2   | Offered knowledge of Freezing Cloud by Vehumet.
 17734 | Lair:2   | Learned a level 5 spell: Freezing Cloud
 18236 | Lair:3   | Reached skill level 9 in Evocations
 18246 | Lair:3   | Reached skill level 1 in Ice Magic
 18246 | Lair:3   | Reached skill level 1 in Air Magic
 18250 | Lair:3   | Noticed a six-headed hydra
 18300 | Lair:3   | Reached skill level 7 in Fighting
 18303 | Lair:3   | Noticed a death yak
 18304 | Lair:3   | Noticed a death yak
 18309 | Lair:3   | Killed a death yak
 18309 | Lair:3   | Noticed a death yak
 18310 | Lair:3   | Reached skill level 2 in Ice Magic
 18310 | Lair:3   | Reached skill level 2 in Air Magic
 18310 | Lair:3   | Noticed a death yak
 18310 | Lair:3   | Killed a death yak
 18311 | Lair:3   | Reached skill level 3 in Ice Magic
 18311 | Lair:3   | Noticed a death yak
 18311 | Lair:3   | Noticed a death yak
 18313 | Lair:3   | Killed a death yak
 18314 | Lair:3   | Reached skill level 4 in Ice Magic
 18314 | Lair:3   | Reached skill level 3 in Air Magic
 18396 | Lair:3   | Reached skill level 4 in Air Magic
 18689 | Lair:3   | Killed a six-headed hydra
 18690 | Lair:3   | Reached skill level 5 in Ice Magic
 18779 | Lair:3   | Reached skill level 5 in Air Magic
 18951 | Lair:3   | Killed a death yak
 18952 | Lair:3   | Reached XP level 13. HP: 76/76 MP: 29/29
 19017 | Lair:3   | Reached skill level 6 in Ice Magic
 19552 | Lair:4   | Reached skill level 6 in Air Magic
 20450 | Lair:4   | HP: 18/76 [spore (44)]
 20526 | Lair:4   | Found a staircase to the Shoals.
 21036 | Lair:5   | Noticed Urug
 21044 | Lair:5   | Killed Urug
 21112 | Lair:4   | HP: 18/76 [seven-headed hydra (4)]
 21113 | Lair:4   | HP: 7/76 [seven-headed hydra (6)]
 21113 | Lair:4   | Slain by a seven-headed hydra

Vanquished Creatures
  2 hydras
  An ice dragon (Lair:4)
  A catoblepas (Lair:2)
  A two-headed ogre (D:9)
  6 death yaks (Lair:3)
  Urug (Lair:5)
  A deep elf pyromancer (D:12)
  An ugly thing (D:12)
  A manticore (D:11)
  A slime creature (D:11)
  Maurice (D:9)
  4 black mambas
  2 gargoyles
  6 cane toads
  5 komodo dragons
  A jumping spider (Lair:2)
  3 trolls
  2 merfolk (Lair:4)
  6 polar bears
  8 blink frogs
  Grinder (D:3)
  Sigmund (D:4)
  5 redbacks (Lair:2)
  2 shadows
  2 wraiths
  47 yaks
  2 wyverns
  4 basilisks
  2 steam dragons
  Menkaure (D:7)
  9 water moccasins
  Duvessa (D:6)
  A black bear (Lair:1)
  2 orc warriors
  A sky beast (D:6)
  An ice beast (D:3)
  2 ogres
  14 wolves
  4 centaurs
  9 bullfrogs
  A gnoll sergeant (D:6)
  4 scorpions
  A water moccasin zombie (D:5)
  2 water moccasin skeletons
  Dowan (D:6)
  4 killer bees (D:10)
  5 wights (D:8)
  5 electric eels (D:6)
  A howler monkey (D:10)
  5 centaur zombies
  A jelly (D:4)
  5 orc priests
  3 hounds (D:6)
  Ijyb (D:5)
  Natasha (thrice) (D:4)
  3 iguanas
  7 orc wizards
  A killer bee zombie (D:8)
  2 howler monkey zombies (D:8)
  Robin (D:2)
  5 gnolls
  5 adders
  A white imp (D:7)
  2 adder skeletons (D:4)
  A worm (D:2)
  32 orcs
  8 bats
  10 endoplasms
  4 giant cockroaches
  12 goblins
  8 hobgoblins
  4 jackals
  5 quokkas
  6 ball pythons
  2 frilled lizards
  6 kobolds
  A quokka skeleton (D:4)
  7 rats
  3 fulminant prisms
343 creatures vanquished.

Vanquished Creatures (others)
  307 fulminant prisms
  36 fungi
  55 plants
398 creatures vanquished.

Grand Total: 741 creatures vanquished

Table legend:
 A = Non-vault XP
 B = Vault XP
 C = Vault XP percentage of total XP
 D = Non-vault monster count
 E = Vault monster count
 F = Vault count percentage of total count
                 A         B        C        D         E       F
            +---------+---------+-------+---------+---------+-------
      Total |   40228 |    8733 |  17.8 |     283 |      57 |  16.8
            +---------+---------+-------+---------+---------+-------
        D:1 |      43 |       4 |   8.5 |      27 |       2 |   6.9
        D:2 |      33 |      25 |  43.1 |      12 |       8 |  40.0
        D:3 |     152 |     277 |  64.6 |       9 |       1 |  10.0
        D:4 |     342 |     434 |  55.9 |      24 |      14 |  36.8
        D:5 |     309 |      36 |  10.4 |       7 |       1 |  12.5
        D:6 |    1674 |     201 |  10.7 |      33 |       2 |   5.7
        D:7 |     458 |     169 |  27.0 |       7 |       1 |  12.5
        D:8 |     984 |       0 |   0.0 |      29 |       0 |   0.0
        D:9 |    2346 |     496 |  17.5 |       9 |       1 |  10.0
       D:10 |    2109 |       0 |   0.0 |      14 |       0 |   0.0
       D:11 |    5635 |       0 |   0.0 |      21 |       0 |   0.0
       D:12 |    2037 |      44 |   2.1 |       8 |       4 |  33.3
     Lair:1 |    4329 |       0 |   0.0 |      23 |       0 |   0.0
     Lair:2 |    5236 |    1397 |  21.1 |      21 |       6 |  22.2
     Lair:3 |   11440 |       0 |   0.0 |      29 |       0 |   0.0
     Lair:4 |    1819 |    4831 |  72.6 |       7 |      16 |  69.6
     Lair:5 |    1282 |     819 |  39.0 |       3 |       1 |  25.0
            +---------+---------+-------+---------+---------+-------

Illustrated notes

Table legend:
 A = Kills in this place as a percentage of kills in entire the game.
 B = Kills by you in this place as a percentage of kills by you in the entire game.
 C = Kills by friends in this place as a percentage of kills by friends in the entire game.
 D = Other kills in this place as a percentage of other kills in the entire game.
 E = Experience gained in this place as a percentage of experience gained in the entire game.
 F = Experience gained in this place divided by the number of levels of this place that you have seen.
                   A       B       C       D       E      F
               +-------+-------+-------+-------+-------+----------------------
         Total | 100.0 | 100.0 |   N/A |   N/A | 100.0 | 2576.9
       Dungeon |  68.8 |  68.8 |   N/A |   N/A |  36.4 | 1369.8
          Lair |  31.2 |  31.2 |   N/A |   N/A |  63.6 | 6230.6
               +-------+-------+-------+-------+-------+----------------------

Table legend: (Time is in decaauts)
 A = Elapsed time spent in this place.
 B = Non-inter-level travel time spent in this place.
 C = Inter-level travel time spent in this place.
 D = Time resting spent in this place.
 E = Time spent auto-exploring this place.
 F = Levels seen in this place.
 G = Mean time per level.
                   A        B        C        D        E       F      G
               +--------+--------+--------+--------+--------+-----+--------+
         Total |  21211 |  19757 |   1454 |   6346 |   8448 |  19 | 1116.4 |
       Dungeon |  14987 |  13642 |   1345 |   4329 |   6201 |  13 | 1152.8 |
        Temple |     40 |     28 |     12 |      0 |     16 |   1 |   40.0 |
          Lair |   6182 |   6085 |     97 |   2017 |   2231 |   5 | 1236.4 |
               +--------+--------+--------+--------+--------+-----+--------+

Top non-repeatable levels by time:
     D:4: 2146 daAuts
  Lair:2: 2078 daAuts
     D:6: 2073 daAuts
     D:5: 1810 daAuts
  Lair:4: 1475 daAuts
  Lair:3: 1338 daAuts
  Lair:1: 1224 daAuts
     D:8: 1155 daAuts
    D:10: 1153 daAuts
    D:11: 1148 daAuts
     D:2: 1101 daAuts
     D:7: 1094 daAuts
     D:1: 1063 daAuts
     D:3: 965 daAuts
     D:9: 768 daAuts
